 Dungeon Crawl Stone Soup version 0.27-a0-797-g27d10ad80f (webtiles) character file.

Game seed: 7607197797521963341

32 polve the Skirmisher (level 3, -1/29 HPs)
             Began as a Demonspawn Abyssal Knight on Mar 27, 2021.
             Was a Follower of Lugonu.
             Slain by a quokka (4 damage)
             ... on level 1 of the Dungeon.
             The game lasted 00:00:54 (1249 turns).

polve the Skirmisher (Demonspawn Abyssal Knight)    Turns: 1249, Time: 00:00:55

Health: -1/29      AC:  6    Str: 12    XL:     3   Next: 10%
Magic:  4/4        EV: 11    Int: 14    God:    Lugonu [*.....]
Gold:   36         SH:  0    Dex: 12    Spells: 2/2 levels left

rFire    . . .     SeeInvis .     - Unarmed
rCold    . . .     Faith    .   (no shield)
rNeg     . . .     Spirit   .   d - +3 leather armour
rPois    .         Reflect  .   (helmet restricted)
rElec    .         Harm     .   (no cloak)
rCorr    .         Rampage  .   (no gloves)
Will     .....                  (no boots)
Stlth    +.........             (no amulet)
HPRegen  0.09/turn              (no ring)
MPRegen  0.09/turn              (no ring)

@: no status effects
A: antennae 1, talons 1
a: Renounce Religion, Depart the Abyss


You were on level 1 of the Dungeon.
You worshipped Lugonu.
Lugonu was aware of your devotion.
You visited 1 branch of the dungeon, and saw 1 of its levels.
You visited the Abyss 1 time.

You collected 36 gold pieces.

Inventory:

Hand Weapons
 a - a +1 falchion
Armour
 d - a +3 leather armour (worn)
Scrolls
 b - a scroll of enchant weapon {unknown}
 c - a scroll of silence {unknown}
 e - a scroll of fear {unknown}
 f - a scroll of blinking {unknown}


   Skills:
 - Level 3.0 Fighting
 - Level 2.5 Long Blades
 - Level 1.7 Armour
 - Level 0.8 Dodging
 + Level 1.7 Unarmed Combat
 - Level 2.4 Invocations


You had 2 spell levels left.
You didn't know any spells.
Your spell library was empty.

Dungeon Overview and Level Annotations

Branches:
Dungeon (1/15)

Altars:


Innate Abilities, Weirdness & Mutations

You have a pair of small antennae on your head.
You have sharp toenails.


Message History

The quokka misses you. The quokka barely misses you. The quokka misses you.
The quokka bites you but does no damage. x2
The quokka closely misses you. The quokka barely misses you.
The quokka completely misses you.
The quokka bites you but does no damage.
The quokka closely misses you. x2
The quokka bites you but does no damage.
The quokka closely misses you. The quokka bites you.
* * * LOW HITPOINT WARNING * * *
The quokka closely misses you. The quokka misses you.
The quokka bites you but does no damage.
The quokka bites you.
* * * LOW HITPOINT WARNING * * *
The quokka bites you but does no damage.
The quokka closely misses you. The quokka misses you.
The quokka bites you but does no damage.
The quokka closely misses you. The quokka misses you. The quokka misses you.
The quokka closely misses you. The quokka misses you.
The quokka barely misses you. The quokka misses you.
The quokka bites you but does no damage.
The quokka bites you but does no damage.
The quokka closely misses you. The quokka barely misses you.
The quokka bites you.
* * * LOW HITPOINT WARNING * * *
The quokka barely misses you. The quokka closely misses you.
The quokka bites you but does no damage.
The quokka bites you but does no damage.
The quokka bites you.
You die...

##......#.###### #.#
..#.................. #.#
...#.....#######.... #.#
...#....## #.... #.#
....#...# #####... #.#
....#...# #......#.##.#.#
....#...# #......#.##.#.#
....#...####....r.#..#.#.#
....#...#.......@.#.##.#.#
....#...#.#.....#.#.##.#.#
...#....# #.....#.#.##.#.#
...#....#.#.....#.#.##.#.#
..#.....#.#...?.#.#.##.#.#
..#.....#.#.....#.#.##.#.#
.#.#...(#.#.#####.#......#
#.......#.#.# #.........#
........#.#.# #.........#


You could see a quokka.

Vanquished Creatures
  4 ball pythons (D:1)
  2 endoplasms (D:1)
  6 giant cockroaches (D:1)
  4 goblins (D:1)
  2 quokkas (D:1)
  2 bats (D:1)
  A frilled lizard (D:1)
  5 kobolds (D:1)
  A rat (D:1)
27 creatures vanquished.

Notes
Turn   | Place    | Note
-------+----------+-------------------------------------------
     0 | Abyss:1  | polve the Demonspawn Abyssal Knight began the quest for the
                  | Orb.
     0 | Abyss:1  | Reached XP level 1. HP: 18/18 MP: 2/2
   102 | Abyss:1  | Noticed a wraith
   108 | D:1      | Escaped the Abyss
   251 | D:1      | Reached * piety under Lugonu
   325 | D:1      | Gained mutation: You have sharp toenails. [demonic
                  | ancestry]
   325 | D:1      | Reached XP level 2. HP: 24/24 MP: 3/3
   451 | D:1      | Reached skill level 1 in Unarmed Combat
   865 | D:1      | Gained mutation: You have a pair of small antennae on your
                  | head. [demonic ancestry]
   865 | D:1      | Reached XP level 3. HP: 29/29 MP: 4/4
  1249 | D:1      | Slain by a quokka

Illustrated notes

Levels and vault maps discovered:
D:1:      dpeg_arrival_solitude, layout_basic

Skill      XL: |  1  2 |
---------------+-------+-----
Long Blades    | 2 |  2.5
Unarmed Combat | 1 |  1.7
Fighting       | |  3.0
Armour         | |  1.7
Dodging        | |  0.8
Invocations    | |  2.4

Action                   || total
-------------------------++-------
Melee: Falchion          ||    51
       Kick              ||     9
       Punch             ||     1
Invok: Depart the Abyss  ||     1
  Use: Potion            ||     1
Armor: Leather armour    ||    69
Dodge: Dodged            ||   119
       Rpst.: Falchion   ||    21

Table legend: (Time is in decaauts)
 A = Elapsed time spent in this place.
 B = Non-inter-level travel time spent in this place.
 C = Inter-level travel time spent in this place.
 D = Time resting spent in this place.
 E = Time spent auto-exploring this place.
 F = Levels seen in this place.
 G = Mean time per level.
                   A        B        C        D        E       F      G
               +--------+--------+--------+--------+--------+-----+--------+
         Total |   1258 |   1258 |      0 |      0 |    933 |   2 |  629.0 |
       Dungeon |   1149 |   1149 |      0 |      0 |    834 |   1 | 1149.0 |
         Abyss |    109 |    109 |      0 |      0 |     99 |   1 |  109.0 |
               +--------+--------+--------+--------+--------+-----+--------+

Top non-repeatable levels by time:
     D:1: 1149 daAuts
 Abyss:1: 109 daAuts
